General information
- name: BNet
- type: Ladder team game (AT/RT)
- host: Battle.net
- saver: idiotwolf.
map: Battleground
- players: 8
- length: 58:46
- speed: Fast
- version: 1.24 W3XP
- replay type: Public
» download(271 KB)
Players
team 1 (winner)

»
skyftw (
green | 102 APM | 3053 actions | 29:49)
6 Mountain King
3 Storm Bolt
2 Bash
1 Avatar
» actions
| Assign group hotkey | 65 | |
| Basic commands | 114 | |
| Build / train | 73 | |
| ESC pressed | 3 | |
| Enter build submenu | 24 | |
| Enter hero's abilities submenu | 6 | |
| Give item / drop item | 2 | |
| Remove unit from queue | 1 | |
| Right click | 1055 | |
| Select / deselect | 331 | |
| Select group hotkey | 1274 | |
| Use ability | 105 | |
3053 total
» units
| Peasant | 16 | |
| Rifleman | 6 | |
| Siege Engine | 9 | |
31 total
» upgrades
| Masonry | 1 | |
| Gunpowder | 3 | |
| Long Rifles | 1 | |
| Plating | 3 | |
| Barrage | 1 | |
| Lumber Harvesting | 2 | |
11 total
» buildings
| Altar of Kings | 1 | |
| Farm | 11 | |
| Blacksmith | 2 | |
| Barracks | 2 | |
| Arcane Vault | 1 | |
| Scout Tower | 1 | |
| Lumber Mill | 1 | |
| Arcane Tower | 1 | |
| Keep | 1 | |
| Workshop | 3 | |
| Castle | 3 | |
| Town Hall | 1 | |
28 total
» build order
00:09 Altar of Kings
00:13 Farm
00:24 Farm
00:53 Blacksmith
01:52 Barracks
02:13 Arcane Vault
02:18 Farm
02:37 Barracks
02:46 Farm
03:45 Farm
03:48 Scout Tower
03:53 Lumber Mill
04:17 Arcane Tower
04:59 Keep
06:18 Farm
07:43 Workshop
08:15 Blacksmith
09:12 Workshop
09:32 Farm
09:42 Farm
09:44 Farm
10:09 Castle
10:09 Castle
10:10 Castle
10:31 Workshop
11:03 Farm
11:05 Farm
18:52 Town Hall
» items
| Scroll of Regeneration | 3 | |
| Boots of Speed | 1 | |
| Potion of Lesser Invulnerability | 3 | |
| Potion of Healing | 1 | |
| Scroll of Speed | 2 | |
| Lesser Clarity Potion | 2 | |
| Scroll of Healing | 1 | |
| Healing Salve | 1 | |
| Scroll of Town Portal | 1 | |
| Staff of Teleportation | 1 | |
16 total

»
EaZyO (
pink | 36 APM | 1019 actions | 28:22)
8 Paladin
3 Holy Light
3 Divine Shield
1 Devotion Aura
1 Resurrection
» actions
| Assign group hotkey | 11 | |
| Basic commands | 15 | |
| Build / train | 78 | |
| Enter build submenu | 25 | |
| Enter hero's abilities submenu | 8 | |
| Give item / drop item | 6 | |
| Right click | 344 | |
| Select / deselect | 183 | |
| Select group hotkey | 270 | |
| Use ability | 79 | |
1019 total
» units
| Peasant | 17 | |
| Footman | 10 | |
| Gryphon Rider | 4 | |
31 total
» upgrades
| Defend | 1 | |
| Masonry | 3 | |
| Swords | 3 | |
| Plating | 1 | |
| Armor | 3 | |
| Lumber Harvesting | 2 | |
| Storm Hammers | 1 | |
| Animal War Training | 1 | |
15 total
» buildings
| Altar of Kings | 1 | |
| Barracks | 1 | |
| Farm | 11 | |
| Scout Tower | 4 | |
| Arcane Tower | 2 | |
| Arcane Vault | 1 | |
| Lumber Mill | 1 | |
| Blacksmith | 1 | |
| Keep | 1 | |
| Guard Tower | 2 | |
| Castle | 1 | |
| Gryphon Aviary | 2 | |
| Town Hall | 2 | |
30 total
» build order
00:24 Altar of Kings
00:29 Barracks
00:37 Farm
01:18 Farm
01:56 Farm
02:03 Scout Tower
02:33 Farm
02:47 Arcane Tower
03:09 Arcane Vault
03:23 Farm
04:04 Farm
04:25 Lumber Mill
04:32 Blacksmith
04:38 Scout Tower
04:44 Farm
05:25 Scout Tower
05:47 Keep
06:22 Guard Tower
06:24 Guard Tower
06:30 Scout Tower
07:00 Arcane Tower
07:05 Farm
08:55 Castle
09:03 Gryphon Aviary
09:16 Gryphon Aviary
09:23 Farm
10:18 Farm
11:02 Farm
16:32 Town Hall
24:24 Town Hall
» items
| Scroll of Regeneration | 3 | |
| Lesser Clarity Potion | 4 | |
| Scroll of Town Portal | 5 | |
| Potion of Healing | 2 | |
| Orb of Fire | 1 | |
| Potion of Mana | 2 | |
17 total
hangem- (
yellow | 28 APM | 1622 actions | 58:46)
6 Demon Hunter
2 Mana Burn
3 Evasion
1 Metamorphosis
4 Keeper of the Grove
2 Entangling Roots
2 Thorns Aura
» actions
| Assign group hotkey | 18 | |
| Basic commands | 5 | |
| Build / train | 86 | |
| ESC pressed | 1 | |
| Enter build submenu | 20 | |
| Enter hero's abilities submenu | 11 | |
| Remove unit from queue | 16 | |
| Right click | 883 | |
| Select / deselect | 303 | |
| Select group hotkey | 212 | |
| Use ability | 67 | |
1622 total
» units
| Wisp | 27 | |
| Dryad | 21 | |
| Forest Troll Shadow Priest | 1 | |
| Druid of the Claw | 3 | |
| Footman | 5 | |
57 total
» upgrades
| Strength of the Wild | 2 | |
| Reinforced Hides | 1 | |
| Abolish Magic | 1 | |
| Druid of the Claw Training | 2 | |
| Mark of the Claw | 1 | |
| Gunpowder | | |
| Armor | | |
| Swords | | |
7 total
» buildings
| Altar of Elders | 1 | |
| Moon Well | 9 | |
| Hunter's Hall | 1 | |
| Ancient Protector | 2 | |
| Tree of Ages | 2 | |
| Ancient of Lore | 3 | |
| Ancient of Wonders | 1 | |
| Tree of Eternity | 1 | |
20 total
» build order
00:05 Altar of Elders
00:07 Moon Well
01:05 Hunter's Hall
01:40 Moon Well
02:14 Ancient Protector
03:15 Moon Well
03:32 Tree of Ages
03:32 Tree of Ages
04:11 Moon Well
05:52 Ancient Protector
06:03 Ancient of Lore
06:07 Ancient of Lore
06:57 Moon Well
08:16 Ancient of Wonders
09:49 Tree of Eternity
15:16 Ancient of Lore
15:27 Moon Well
21:55 Moon Well
24:48 Moon Well
24:55 Moon Well
» items
| Scroll of Town Portal | 1 | |
| Potion of Healing | 3 | |
4 total
Niggy (
orange | 37 APM | 2156 actions | 58:29)
7 Blademaster
3 Wind Walk
3 Critical Strike
1 Mirror Image
» actions
| Assign group hotkey | 104 | |
| Basic commands | 268 | |
| Build / train | 86 | |
| Enter build submenu | 33 | |
| Enter hero's abilities submenu | 8 | |
| Give item / drop item | 15 | |
| Remove unit from queue | 2 | |
| Right click | 804 | |
| Select / deselect | 552 | |
| Select group hotkey | 164 | |
| Use ability | 114 | |
2156 total
» units
| Peon | 12 | |
| Grunt | 5 | |
| Troll Batrider | 3 | |
| Wind Rider | 10 | |
30 total
» upgrades
| Ranged Weapons | 3 | |
| Armor | 7 | |
| Envenomed Spears | 1 | |
| Reinforced Defenses | 1 | |
| Spiked Barricades | 1 | |
| Ensnare | 1 | |
| Gunpowder | 8 | |
| Melee Weapons | 1 | |
| Swords | 4 | |
27 total
» buildings
| Orc Burrow | 7 | |
| Altar of Storms | 1 | |
| Barracks | 1 | |
| Voodoo Lounge | 1 | |
| Stronghold | 1 | |
| War Mill | 1 | |
| Beastiary | 3 | |
| Watch Tower | 13 | |
| Fortress | 1 | |
| Great Hall | 3 | |
32 total
» build order
00:24 Orc Burrow
00:30 Altar of Storms
00:55 Barracks
01:20 Orc Burrow
02:19 Voodoo Lounge
02:50 Stronghold
04:12 War Mill
04:15 Orc Burrow
05:24 Beastiary
05:29 Orc Burrow
07:18 Beastiary
07:23 Watch Tower
07:24 Watch Tower
07:25 Watch Tower
07:27 Watch Tower
09:15 Fortress
09:18 Watch Tower
09:19 Watch Tower
10:15 Great Hall
10:20 Watch Tower
10:25 Watch Tower
10:26 Watch Tower
12:19 Watch Tower
12:20 Watch Tower
12:21 Watch Tower
12:21 Watch Tower
15:24 Orc Burrow
15:30 Orc Burrow
15:35 Orc Burrow
16:03 Beastiary
26:48 Great Hall
28:10 Great Hall
» items
| Healing Salve | 6 | |
| Circlet of Nobility | 1 | |
| Boots of Speed | 1 | |
| Potion of Healing | 1 | |
| Potion of Mana | 1 | |
| Lesser Clarity Potion | 3 | |
| Scroll of Town Portal | 2 | |
| Orb of Lightning | 1 | |
| Staff of Teleportation | 1 | |
17 total
team 2 (loser)

»
BoneEnterprise (
red | 38 APM | 2243 actions | 58:46)
3 Paladin
1 Holy Light
2 Divine Shield
4 Archmage
2 Summon Water Elemental
2 Brilliance Aura
1 Demon Hunter
1 Evasion
1 Keeper of the Grove
1 Thorns Aura
» actions
| Basic commands | 70 | |
| Build / train | 93 | |
| ESC pressed | 4 | |
| Enter build submenu | 54 | |
| Enter hero's abilities submenu | 11 | |
| Give item / drop item | 3 | |
| Right click | 1271 | |
| Select / deselect | 574 | |
| Use ability | 163 | |
2243 total
» units
| Peasant | 8 | |
| Footman | 6 | |
| Knight | 5 | |
| Spell Breaker | 4 | |
| Druid of the Talon | 5 | |
| Chimaera | 5 | |
| Archer | 17 | |
| Hippogryph | 3 | |
53 total
» upgrades
| Defend | 1 | |
| Lumber Harvesting | 2 | |
| Animal War Training | 1 | |
| Plating | 1 | |
| Control Magic | 1 | |
| Masonry | 2 | |
8 total
» buildings
| Altar of Kings | 3 | |
| Farm | 16 | |
| Barracks | 2 | |
| Lumber Mill | 2 | |
| Keep | 1 | |
| Scout Tower | 13 | |
| Arcane Vault | 2 | |
| Arcane Tower | 2 | |
| Blacksmith | 1 | |
| Castle | 2 | |
| Arcane Sanctum | 2 | |
| Guard Tower | 6 | |
| Ancient of Wonders | 1 | |
| Moon Well | 2 | |
| Town Hall | 3 | |
| Tree of Life | 1 | |
59 total
» build order
00:07 Altar of Kings
00:21 Farm
00:35 Barracks
01:05 Farm
01:48 Farm
02:00 Lumber Mill
02:28 Farm
04:09 Keep
04:11 Scout Tower
04:14 Arcane Vault
04:26 Farm
04:41 Arcane Tower
04:43 Farm
04:56 Blacksmith
05:33 Barracks
06:32 Castle
07:09 Castle
08:57 Arcane Sanctum
09:01 Arcane Sanctum
09:10 Farm
09:54 Farm
12:22 Farm
14:33 Farm
14:34 Farm
15:52 Altar of Kings
16:24 Farm
16:25 Farm
16:26 Farm
17:39 Scout Tower
18:12 Scout Tower
18:13 Guard Tower
18:17 Scout Tower
18:19 Scout Tower
20:13 Guard Tower
20:14 Scout Tower
20:17 Guard Tower
20:21 Guard Tower
20:22 Scout Tower
21:29 Ancient of Wonders
24:23 Moon Well
24:24 Moon Well
27:21 Town Hall
27:23 Scout Tower
27:24 Scout Tower
27:27 Scout Tower
27:30 Scout Tower
27:33 Lumber Mill
27:35 Arcane Vault
28:07 Scout Tower
28:31 Tree of Life
29:03 Town Hall
29:09 Guard Tower
29:12 Scout Tower
29:39 Altar of Kings
29:42 Guard Tower
29:46 Farm
29:49 Farm
30:11 Town Hall
30:30 Arcane Tower
» items
| Scroll of Regeneration | 2 | |
| Scroll of Town Portal | 4 | |
| Potion of Healing | 3 | |
9 total

»
LPIH.OB (
teal | 65 APM | 775 actions | 11:58)
3 Demon Hunter
2 Mana Burn
1 Evasion
1 Keeper of the Grove
1 Entangling Roots
» actions
| Assign group hotkey | 17 | |
| Basic commands | 90 | |
| Build / train | 41 | |
| Enter build submenu | 12 | |
| Enter hero's abilities submenu | 4 | |
| Give item / drop item | 3 | |
| Right click | 260 | |
| Select / deselect | 171 | |
| Select group hotkey | 160 | |
| Use ability | 17 | |
775 total
» units
| Wisp | 10 | |
| Archer | 10 | |
| Druid of the Talon | 5 | |
| Chimaera | 2 | |
27 total
» upgrades
| Improved Bows | 1 | |
| Marksmanship | 1 | |
| Druid of the Talon Training | 1 | |
3 total
» buildings
| Altar of Elders | 1 | |
| Moon Well | 5 | |
| Ancient of War | 1 | |
| Tree of Ages | 1 | |
| Ancient of Wonders | 1 | |
| Hunter's Hall | 1 | |
| Tree of Eternity | 1 | |
| Ancient of Wind | 1 | |
| Chimaera Roost | 1 | |
13 total
» build order
00:08 Altar of Elders
00:18 Moon Well
00:48 Ancient of War
01:20 Moon Well
02:37 Moon Well
03:38 Tree of Ages
04:06 Ancient of Wonders
05:10 Hunter's Hall
05:56 Moon Well
06:09 Tree of Eternity
06:11 Ancient of Wind
06:48 Moon Well
08:46 Chimaera Roost
» items
| Potion of Healing | 2 | |
| Orb of Venom | 1 | |
3 total

»
TANKleopard (
purple | 149 APM | 1742 actions | 11:40)
2 Archmage
1 Summon Water Elemental
1 Brilliance Aura
1 Paladin
1 Holy Light
» actions
| Assign group hotkey | 25 | |
| Basic commands | 99 | |
| Build / train | 59 | |
| ESC pressed | 1 | |
| Enter build submenu | 16 | |
| Enter hero's abilities submenu | 3 | |
| Give item / drop item | 2 | |
| Right click | 467 | |
| Select / deselect | 728 | |
| Select group hotkey | 299 | |
| Use ability | 42 | |
1742 total
» units
| Peasant | 6 | |
| Footman | 6 | |
| Rifleman | 8 | |
| Sorceress | 1 | |
| Priest | 11 | |
32 total
» upgrades
| Defend | 1 | |
| Lumber Harvesting | 1 | |
2 total
» buildings
| Altar of Kings | 1 | |
| Farm | 6 | |
| Barracks | 1 | |
| Scout Tower | 1 | |
| Arcane Tower | 10 | |
| Arcane Vault | 2 | |
| Keep | 3 | |
| Lumber Mill | 1 | |
| Blacksmith | 1 | |
| Arcane Sanctum | 1 | |
| Castle | 1 | |
28 total
» build order
00:07 Altar of Kings
00:12 Farm
00:16 Barracks
00:54 Scout Tower
01:29 Farm
01:48 Arcane Tower
01:49 Arcane Tower
01:49 Arcane Tower
01:49 Arcane Tower
02:20 Arcane Vault
03:12 Farm
03:23 Farm
03:53 Keep
03:53 Keep
04:07 Lumber Mill
04:09 Blacksmith
04:54 Farm
05:43 Arcane Vault
06:19 Arcane Sanctum
07:48 Farm
08:35 Castle
» items
idiotwolf. (
blue | 38 APM | 2252 actions | 58:46)
7 Mountain King
3 Storm Bolt
3 Bash
1 Avatar
» actions
| Assign group hotkey | 29 | |
| Basic commands | 125 | |
| Build / train | 68 | |
| Enter build submenu | 18 | |
| Enter hero's abilities submenu | 7 | |
| Give item / drop item | 3 | |
| Right click | 768 | |
| Select / deselect | 297 | |
| Select group hotkey | 826 | |
| Use ability | 110 | |
2252 total
» units
| Peasant | 8 | |
| Footman | 5 | |
| Gryphon Rider | 9 | |
| Druid of the Talon | 2 | |
| Knight | 5 | |
| Sorceress | 3 | |
| Mortar Team | 3 | |
35 total
» upgrades
| Masonry | 3 | |
| Swords | 1 | |
| Animal War Training | 1 | |
| Druid of the Talon Training | 1 | |
| Storm Hammers | 1 | |
| Lumber Harvesting | 2 | |
9 total
» buildings
| Altar of Kings | 1 | |
| Barracks | 1 | |
| Farm | 14 | |
| Scout Tower | 15 | |
| Arcane Vault | 1 | |
| Arcane Tower | 1 | |
| Keep | 1 | |
| Lumber Mill | 1 | |
| Blacksmith | 1 | |
| Castle | 1 | |
| Gryphon Aviary | 2 | |
| Guard Tower | 2 | |
| Workshop | 1 | |
| Cannon Tower | 3 | |
45 total
» build order
00:14 Altar of Kings
00:24 Barracks
00:39 Farm
00:52 Farm
01:35 Farm
01:38 Scout Tower
02:07 Arcane Vault
02:11 Arcane Tower
03:15 Keep
04:10 Lumber Mill
04:16 Farm
04:16 Farm
04:17 Farm
04:19 Farm
04:19 Farm
04:36 Blacksmith
05:45 Castle
05:51 Gryphon Aviary
06:41 Gryphon Aviary
07:21 Farm
07:21 Farm
07:23 Farm
11:06 Scout Tower
11:06 Scout Tower
11:06 Scout Tower
11:07 Scout Tower
11:09 Scout Tower
11:09 Scout Tower
12:33 Guard Tower
13:18 Farm
13:19 Farm
13:19 Farm
14:42 Scout Tower
14:42 Scout Tower
14:42 Scout Tower
14:44 Scout Tower
16:21 Guard Tower
16:26 Workshop
21:31 Scout Tower
21:31 Scout Tower
21:32 Scout Tower
22:21 Cannon Tower
23:10 Cannon Tower
» items
| Scroll of Regeneration | 3 | |
| Staff of Teleportation | 1 | |
| Scroll of Town Portal | 2 | |
| Orb of Venom | 1 | |
7 total
Chat log
(00:07 / Allies) idiotwolf.: griffs tanks
(00:08 / Allies) idiotwolf.: get mele
(00:15 / Allies) BoneEnterprise: kk ill knight priest
(00:39 / Allies) BoneEnterprise: lets rush?
(00:42 / Allies) TANKleopard: cc
(00:43 / Allies) idiotwolf.: cc
(03:00 / Allies) idiotwolf.: is this high ell game ish?
(03:10 / Allies) BoneEnterprise: yes it is
(03:12 / Allies) BoneEnterprise: lol
(03:22 / Allies) idiotwolf.: i even get in high ell games on new accounts damn
(04:39 / Allies) idiotwolf.: wood plz
(06:29 / Allies) LPIH.OB: wait
(06:48 / Allies) BoneEnterprise: we should atk
(06:51 / Allies) BoneEnterprise: or atleat know wut hes techin too
(06:52 / Allies) BoneEnterprise: he has nothin
(06:56 / Allies) idiotwolf.: naw cc who cares
(07:24 / Allies) BoneEnterprise: watch
(07:25 / Allies) BoneEnterprise: creeep
(07:33 / Allies) idiotwolf.: no hit pink
(07:34 / Allies) idiotwolf.: god dammit
(07:35 / Allies) idiotwolf.: no
(07:36 / Allies) idiotwolf.: pink
(08:37 / Allies) LPIH.OB: b
(09:13 / Allies) LPIH.OB: lol
(09:19 / Allies) BoneEnterprise: blue
(09:20 / Allies) BoneEnterprise: why the fuck
(09:22 / Allies) BoneEnterprise: were u atkin purp
(09:23 / Allies) BoneEnterprise: ...
(09:24 / Allies) idiotwolf.: shut the fuck up
(09:27 / Allies) idiotwolf.: i said dont hit orange
(09:28 / Allies) idiotwolf.: idiot
(09:30 / Allies) idiotwolf.: u dont listen?
(09:32 / Allies) idiotwolf.: i attack u
(09:44 / Allies) BoneEnterprise: lol noob rages
(10:18 / Allies) BoneEnterprise: purp
(10:20 / Allies) BoneEnterprise: u got rpiests?
(10:23 / Allies) BoneEnterprise: priests?
(10:48 / Allies) TANKleopard: LOL>
(10:48 / Allies) TANKleopard: ?
(11:15 / Allies) TANKleopard: B
(11:27 / Allies) LPIH.OB: b
(11:45 / Allies) idiotwolf.: ok ilolstop
(12:06 / Allies) idiotwolf.: dont leave
(12:07 / Allies) idiotwolf.: red
(13:15 / Allies) BoneEnterprise: tp
(13:26 / Allies) idiotwolf.: coming
(14:53 / Allies) idiotwolf.: red
(14:55 / Allies) idiotwolf.: listen very closely
(15:03 / Allies) idiotwolf.: orange is my friend do not hit him
(15:15 / Allies) BoneEnterprise: he will bs?
(15:19 / Allies) idiotwolf.: ye
(16:06 / Allies) idiotwolf.: kill greens tanks
(16:08 / Allies) idiotwolf.: mortars or knights
(16:44 / Allies) BoneEnterprise: get taht?
(17:09 / Allies) BoneEnterprise: go
(17:26 / All) skyftw: I TAKE UR CHALLENGE BLUE
(18:14 / All) skyftw: wtf oj
(18:57 / Allies) idiotwolf.: stay
(18:58 / Allies) idiotwolf.: red
(19:00 / Allies) idiotwolf.: oj is bsing
(20:28 / Allies) idiotwolf.: dude how are u high ell
(20:30 / Allies) idiotwolf.: hit pink
(20:47 / Allies) idiotwolf.: give me control
(21:21 / Allies) idiotwolf.: control tea
(21:22 / Allies) idiotwolf.: dont leave
(21:23 / Allies) idiotwolf.: teal
(22:06 / All) Niggy: Green's been on a 6 game losing streak he says
(22:47 / All) BoneEnterprise: g
(22:51 / Allies) BoneEnterprise: go we can gake=hm
(22:52 / Allies) idiotwolf.: coming
(22:54 / Allies) idiotwolf.: getting tp
(23:24 / Allies) idiotwolf.: goog
(23:26 / Allies) idiotwolf.: go
(24:25 / Allies) BoneEnterprise: now u lagging out
(25:51 / Allies) idiotwolf.: stay red
(26:42 / Allies) idiotwolf.: to pink
(28:18 / All) idiotwolf.: leave faggots
(28:32 / All) idiotwolf.: leave green ur record is awful
(28:50 / All) BoneEnterprise: LOL GREEN
(28:52 / All) BoneEnterprise: DID U THOUGHT U WON
(28:54 / All) BoneEnterprise: HJAHAHAHAHAHAHAHAHA
(30:41 / All) idiotwolf.: lawl
(30:58 / All) hangem-: so u got ur boy to bs for u
(31:08 / All) BoneEnterprise: lol now he realizes it
(31:09 / All) BoneEnterprise: hahahhaha
(32:42 / All) idiotwolf.: i am very sorry red but this is a matter of pride
(32:52 / All) idiotwolf.: i begged you guys not to hit orange and you disobeyed
(32:56 / All) idiotwolf.: the verdict is death
(33:03 / All) idiotwolf.: via rocks crushing bones
(33:03 / All) hangem-: lol
(33:52 / All) idiotwolf.: u are very quiet red
(35:29 / All) idiotwolf.: red ur doing all this for a win?
(35:31 / All) idiotwolf.: one win?
(36:06 / All) idiotwolf.: wheres ur wyverns
(36:15 / All) Niggy: my base
(37:04 / All) idiotwolf.: my team was probably gonna win
(37:07 / All) idiotwolf.: tough to say
(37:11 / All) Niggy: lawl
(37:20 / All) idiotwolf.: actually i dont know
(37:22 / All) idiotwolf.: it was close
(37:38 / All) Niggy: Why'd they chose my base
(37:53 / All) idiotwolf.: i dont know they were really close to hitting pink let me read chat log
(38:21 / All) idiotwolf.: chat too short id ont know
(38:24 / All) idiotwolf.: red isn't talking though
(39:07 / All) Niggy: Yellow you staying?
(40:15 / All) Niggy: Are you going to stay for the stalemate yellow?
(41:50 / All) idiotwolf.: yellow are you gonna stay if we leave
(41:52 / All) Niggy: I have a new way of telling which is mirror
(42:00 / All) Niggy: on level 1 it's always the right side one
(42:04 / All) Niggy: the bm's right side
(42:24 / All) Niggy: is it always same for like level 3?
(42:25 / All) idiotwolf.: and level ten?
(42:37 / All) Niggy: You'll have to experiment
(42:42 / All) Niggy: to see if the real bm is always the same
(45:15 / All) idiotwolf.: red talk i know ur here faggot
(45:19 / All) idiotwolf.: i know you want ur win
(47:19 / All) idiotwolf.: talk to me yellow
(47:21 / All) idiotwolf.: talk to me
(54:14 / All) idiotwolf.: lalw reds still here
(54:21 / All) Niggy: yellow is too
(54:28 / All) idiotwolf.: i gave him control and can see he has my tower selected
(54:38 / All) Niggy: lalw
(54:44 / All) hangem-: lol
(54:51 / All) idiotwolf.: yellow
(54:55 / All) idiotwolf.: why haven't u left
(54:57 / All) hangem-: yo
(55:00 / All) hangem-: am no
(55:08 / All) hangem-: am not goin to leave
(55:10 / All) idiotwolf.: so if me and orange leave u'll stay
(55:15 / All) hangem-: yea
(55:15 / All) idiotwolf.: cuz we're about 30 sec from leaving
(55:23 / All) idiotwolf.: it'll be u and red with no units or buildings
(55:29 / All) idiotwolf.: person with best internet connection wins
(55:34 / All) hangem-: thats fine
(55:37 / All) hangem-: lol
(55:47 / All) hangem-: i got a project to due
(55:50 / All) idiotwolf.: ur 56-58 and he is 235-234
(55:51 / All) Niggy: I think yellow will win
(56:00 / All) idiotwolf.: how good is ur internet connection yellow
(56:01 / All) hangem-: lol
(56:03 / All) Niggy: He has an indomitable will
(56:28 / All) idiotwolf.: ur internet connection better not be god damn dial up
(56:34 / All) idiotwolf.: its called a standoff
(56:41 / All) Niggy: Mexican Standoff
(56:43 / All) hangem-: its cool
(56:45 / All) hangem-: lol
(56:50 / All) idiotwolf.: so if u have a project due, what does that mean regarding this game
(57:01 / All) idiotwolf.: regarding if u'll stay or not
(57:08 / All) Niggy: He can work on his project
(57:11 / All) Niggy: as he stays to win the game
(57:14 / All) hangem-: am go do it and and just control tab
(57:17 / All) Niggy: Yellow > Red
(57:33 / All) idiotwolf.: but red is gonna leave his comp on all night, he is desperate for a win
(57:35 / All) idiotwolf.: will u?
(57:45 / All) hangem-: of course
(57:54 / All) hangem-: am going to be doin something else
(57:55 / All) Niggy: yellow is hungrier than red
(58:00 / All) hangem-: lol
(58:01 / All) Niggy: I think he's going to win
(58:05 / All) hangem-: lol
(58:13 / All) Niggy: hence
(58:19 / All) Niggy: he'll be msot deserving of this win
(58:19 / All) idiotwolf.: ok im killing my last mortar, lets go on msn and not learn the result until a few days from now
(58:34 / All) hangem-: lol
(58:43 / All) idiotwolf.: gl